 Dungeon Crawl Stone Soup version 0.23-a0-449-g8e4cbf7 (webtiles) character file.

70 Amnesiac the Digger (level 4, 8/30 HPs)
             Began as a Demonspawn Earth Elementalist on Nov 22, 2018.
             Quit the game on level 3 of the Dungeon.
             The game lasted 00:02:09 (689 turns).

Amnesiac the Digger (Demonspawn Earth Elementalist)  Turns: 689, Time: 00:02:09

Health: 8/30       AC:  5    Str:  8    XL:     4   Next: 3%
Magic:  8/8        EV: 12    Int: 17    God:
Gold:   78         SH:  0    Dex: 14    Spells: 5/8 levels left

rFire    . . .     SeeInvis .   e - +4 short sword
rCold    . . .     Gourm    .   (no shield)
rNeg     . . .     Faith    .   c - +0 robe
rPois    .         Spirit   .   (no helmet)
rElec    .         Reflect  .   (no cloak)
rCorr    .         Harm     .   k - +2 pair of gloves
MR       .....                  (no boots)
Stlth    ++........             i - amulet of the acrobat
HPRegen  0.10/turn              (no ring)
MPRegen  0.11/turn              (no ring)

@: no status effects
A: talons 1, spiny 1, rot immunity
a: no special abilities


You were on level 3 of the Dungeon.
You were not hungry.

You visited 1 branch of the dungeon, and saw 3 of its levels.

You collected 78 gold pieces.

Inventory:

Hand Weapons
 e - a +4 short sword (weapon)
Missiles
 b - 139 stones (quivered)
Armour
 c - a +0 robe (worn)
 k - a +2 pair of gloves (worn)
Jewellery
 i - an amulet of the acrobat (around neck)
Scrolls
 a - 2 scrolls of identify {!r, unknown}
 f - a scroll of enchant weapon {!r, unknown}
 j - a scroll of amnesia {!r, unknown}
 l - a scroll of remove curse {!r, unknown}
Potions
 h - a potion of lignification {!q, unknown}
 m - a potion of mutation {!q, unknown}
Comestibles
 d - 3 rations
 g - 8 chunks of flesh


   Skills:
 - Level 1.7 Dodging
 - Level 1.7 Stealth
 + Level 2.7 Spellcasting
 - Level 0.8 Transmutations
 * Level 4.0 Earth Magic


You had 5 spell levels left.
You knew the following spells:

 Your Spells              Type           Power        Failure   Level  Hunger
a - Sandblast             Erth           ###...       3%          1    #......
b - Passwall              Tmut/Erth      ##......     10%         2    ##.....

Your spell library contained the following spells:

 Spells                   Type           Power        Failure   Level  Hunger
 Stone Arrow              Conj/Erth      #.....       24%         3    ###....
 Petrify                  Tmut/Erth      ##......     54%         4    #####..
 Lee's Rapid Deconstruct  Erth           ###.......   67%         5    ######.


Dungeon Overview and Level Annotations

Branches:
Dungeon (3/15)

Altars:
Hepliaklqana


Innate Abilities, Weirdness & Mutations

You have sharp toenails.
You are partially covered in sharp spines.
You are immune to rotting.


Message History

The quokka twitches its whiskers.
You hit the jackal.
The jackal is almost dead.
The jackal bites you but does no damage.
The jackal is struck by your spines.
You kill the jackal!
You puncture the jackal!
You kill the jackal!
You hit the rat.
You kill the rat!
Your Earth Magic skill increases to level 4!
An orc comes into view. It is wielding a +0 mace.
The quokka completely misses you.
An orc comes into view. It is wielding a -1 club.
Things that are here:
a rat corpse; a jackal corpse The orc shouts! x2
You hit the quokka but do no damage.
You hear a shout!
The quokka bites you.
A goblin comes into view. It is wielding a +0 club.
The quokka bites you but does no damage.
You hear a shout!
The goblin shouts!
You hit the quokka.
The quokka is moderately wounded.
The quokka closely misses you.
You hit the quokka.
You kill the quokka! 3 orcs come into view.
The orc shouts! x3
An orc comes into view.
The orc misses you.
You hit the orc.
The orc is heavily wounded.
The orc hits you with a cursed -1 club.
* * * LOW HITPOINT WARNING * * *
You barely miss the orc.
The orc is heavily wounded.
The orc is struck by your spines. The orc hits you but does no damage.
You hit the orc but do no damage.
The orc is heavily wounded.
The orc misses you. The orc is struck by your spines.
The orc hits you but does no damage. The orc is struck by your spines.
The orc hits you.
* * * LOW HITPOINT WARNING * * *
You hit the orc.
The orc is severely wounded.
The orc barely misses you. The orc is struck by your spines. The orc hits you.
* * * LOW HITPOINT WARNING * * *
The orc hits you but does no damage.
You hit the orc.
You kill the orc!
You have reached level 4!
You feel agile.
Your demonic ancestry asserts itself...
Your toenails lengthen and sharpen.
The orc misses you. The orc is struck by your spines.
You kill the orc!
The orc closely misses you.
Things that are here:
a +0 mace; a +0 leather armour; an orc corpse
Things that are here:
a rat corpse; a jackal corpse Are you sure you want to abandon this character and quit the game? (Confirm

...####.####..#......)
.....)................
....#.##.##...........
[.###.##....#..###### ..#
#.##.##+#..# # .
..###.##)).....### .#..
.................... .....
..###.##......########o.....
...##.##.......#@o)g)o.....#
.#.##.......##.####o####...#
.#..#..#.>.....#.......# #
....[..#.......#.⌠...⌠.#
.......#.......#.......#
.......#.......'...⌠...'.
.....%.#.......#.......#..
.....r.#.......#.⌠...⌠.##.
.###...#.......#.......#


You could see 4 orcs and a goblin.

Vanquished Creatures
  An adder (D:2)
  An ooze (D:2)
  2 worms (D:2)
  A leopard gecko (D:3)
  6 orcs (D:3)
  8 bats
  6 goblins
  4 hobgoblins
  4 jackals (D:3)
  A quokka (D:3)
  2 frilled lizards
  2 kobolds
  3 rats
41 creatures vanquished.

Notes
Turn   | Place    | Note
-------+----------+-------------------------------------------
     0 | D:1      | Amnesiac the Demonspawn Earth Elementalist began the quest
                  | for the Orb.
     0 | D:1      | Reached XP level 1. HP: 13/13 MP: 3/3
   142 | D:1      | Reached skill level 3 in Earth Magic
   169 | D:1      | Gained mutation: You are immune to rotting. [demonic
                  | ancestry]
   169 | D:1      | Reached XP level 2. HP: 19/19 MP: 5/5
   173 | D:1      | Learned a level 2 spell: Passwall
   424 | D:2      | Gained mutation: You are partially covered in sharp spines.
                  | [demonic ancestry]
   424 | D:2      | Reached XP level 3. HP: 24/24 MP: 6/6
   594 | D:3      | Found a hazy altar of Hepliaklqana.
   674 | D:3      | Reached skill level 4 in Earth Magic
   685 | D:3      | Gained mutation: You have sharp toenails. [demonic
                  | ancestry]
   685 | D:3      | Reached XP level 4. HP: 7/30 MP: 8/8
   689 | D:3      | Quit the game

Vault maps used:
D:1:      arrival_zaba_pyramid, corexii_hall_statues_s,
          hangedman_decor_clover_reticule
D:3:      old_standard_altar, gammafunk_ghost_stat_death, first_ration,
          minmay_fountain_box

Skill      XL: |  1  2  3 |
---------------+----------+-----
Earth Magic    | 3 4 |  4.0
Dodging        | |  1.7
Stealth        | |  1.7
Spellcasting   | |  2.7
Transmutations | |  0.8

Action                   |  1- 3 |  4- 6 || total
-------------------------+-------+-------++-------
Melee: Short sword       |    94 |       ||    94
 Cast: Sandblast         |     1 |       ||     1
 Stab: Sleeping          |     5 |       ||     5
Armor: Robe              |    32 |       ||    32
Dodge: Dodged            |    81 |     2 ||    83

Table legend:
 A = Non-vault XP
 B = Vault XP
 C = Vault XP percentage of total XP
 D = Non-vault monster count
 E = Vault monster count
 F = Vault count percentage of total count
                 A         B        C        D         E       F
            +---------+---------+-------+---------+---------+-------
      Total |     100 |       0 |   0.0 |      41 |       0 |   0.0
            +---------+---------+-------+---------+---------+-------
        D:1 |      17 |       0 |   0.0 |      10 |       0 |   0.0
        D:2 |      46 |       0 |   0.0 |      14 |       0 |   0.0
        D:3 |      37 |       0 |   0.0 |      17 |       0 |   0.0
            +---------+---------+-------+---------+---------+-------
